 Dungeon Crawl Stone Soup version 0.30.1-4-g462c640d31 (webtiles) character file.

Game seed: 12450960181983227333

41778 Wiggles the Severer (level 13, -16/113 (122) HPs)
             Began as a Minotaur Berserker on Aug 10, 2023.
             Was a High Priest of Trog.
             Demolished by Rupert
             ... wielding a +3 great sword of draining
              (40 damage)
             ... on level 4 of the Lair of Beasts.
             The game lasted 00:31:07 (14373 turns).

Wiggles the Severer (Minotaur Berserker)           Turns: 14373, Time: 00:31:07

HP:   -16/113 (122) AC: 26    Str: 27    XL:     13   Next: 81%
MP:   4/4           EV: 14    Int:  4    God:    Trog [*****.]
Gold: 822           SH:  0    Dex: 10    Spells: 12/12 levels left

rFire   . . .        u - +6 battleaxe of Inference {antimagic, Drain rPois rN++ SInv}
rCold   . . .        (shield currently unavailable)
rNeg    + + .        N - +1 plate armour
rPois   +            g - +2 hood of the Assassin {Detect Stab+ Stlth++}
rElec   .            x - +2 cloak
rCorr   .            (no gloves)
SInv    +            Q - +2 pair of boots
Will    .....        y - amulet of regeneration Stlth
                     e - ring of poison resistance
HPRegen 1.18/turn    K - +5 ring of evasion
MPRegen 0.09/turn

%: no passive effects
@: on berserk cooldown, slowed, drained, very slow
A: horns 2, retaliatory headbutt
a: Renounce Religion, Berserk, Trog's Hand, Brothers in Arms


You were on level 4 of the Lair of Beasts.
You worshipped Trog.
Trog was extremely pleased with you.
You visited 2 branches of the dungeon, and saw 16 of its levels.
You also visited: Ossuary.

You collected 1342 gold pieces.
You spent 520 gold pieces at shops.

Inventory:

Hand Weapons
 l - the +7 broad axe of Dajyng {heavy, rN+}
   (Trog gifted it to you on level 9 of the Dungeon)

   rN:        It protects you from negative energy.
 q - a +1 heavy war axe
 u - the +6 battleaxe of Inference (weapon) {antimagic, Drain rPois rN++ SInv}
   (Trog gifted it to you on level 3 of the Lair of Beasts)

   rPois:     It protects you from poison.
   rN:        It greatly protects you from negative energy.
   SInv:      It lets you see invisible.
   Drain:     It drains your maximum health when unequipped.
Armour
 g - the +2 hood of the Assassin (worn) {Detect Stab+ Stlth++}
   (You acquired it on level 12 of the Dungeon)

   Detect:    It allows the wearer to sense nearby creatures.
   Stab+:     It allows the wearer to make particularly effective stabbing
   attacks against helpless or unaware enemies with any weapon.
   Stlth:     It makes you much more stealthy.
 x - a +2 cloak (worn)
 N - a +1 plate armour (worn)
 Q - a +2 pair of boots (worn)
Jewellery
 e - a ring of poison resistance (left hand)
 y - an amulet of regeneration (around neck)
 C - an amulet of the acrobat
 K - a +5 ring of evasion (right hand)
 M - a ring of ice
 O - a ring of ice
Wands
 j - a wand of mindburst (11)
 r - a wand of flame (69)
 D - a wand of roots (10)
 F - a wand of polymorph (6)
 L - a wand of digging (8)
Scrolls
 a - 10 scrolls of teleportation
 d - 4 scrolls of enchant weapon
 i - a scroll of fear
 k - 2 scrolls of blinking
 m - 3 scrolls of identify
 p - 3 scrolls of vulnerability
 t - 2 scrolls of magic mapping
 z - a scroll of poison
 A - 3 scrolls of immolation
 P - a scroll of butterflies
Potions
 b - 4 potions of heal wounds
 c - 3 potions of haste
 f - a potion of magic
 h - 2 potions of resistance
 n - 6 potions of curing
 o - a potion of lignification
 v - 3 potions of mutation
 w - 10 potions of flight
 B - 2 potions of attraction
 E - a potion of berserk rage
 G - a potion of invisibility
 H - a potion of might
 I - 2 potions of cancellation
 J - 2 potions of ambrosia
Miscellaneous
 s - a box of beasts


   Skills:
 + Level 13.2 Fighting
 + Level 18.8 Axes
 + Level 14.6 Armour
 + Level 5.4 Dodging
 + Level 1.6 Stealth
 + Level 8.5 Shields
 + Level 1.0 Evocations


You had 12 spell levels left.
You didn't know any spells.
Your spell library was empty.

Dungeon Overview and Level Annotations

Branches:
Dungeon (12/15)            Temple (0/1) D:4            Lair (4/5) D:11
  Swamp (0/4) Lair:3       Spider (0/4) Lair:2          Orc (0/2) D:9
Ossuary (visited)
  Slime: Lair:4-5

Altars:
Ashenzari
Cheibriados
Dithmenos
Elyvilon
Fedhas
Kikubaaqudgha
Makhleb
Sif Muna
Uskayaw
Zin

Shops:
D:4 :   D:8 *   D:12 ?

Portals:
Trove: D:11 (give 6 scrolls of fear)

Annotations:
D:11 2 transporters, mrw3rdna's ghost, journeyman MiFi
Lair:4 Rupert


Innate Abilities, Weirdness & Mutations

You have a pair of horns on your head.
You reflexively headbutt those who attack you in melee.


Message History

Rupert yells loudly at you.
You are more confused.
You slash Rupert! Your headbutt misses Rupert.
Rupert is almost dead.
You barely miss Rupert.
Rupert is almost dead.
Rupert hits you with a +3 great sword of draining!
You partially resist.
You feel drained.
You closely miss Rupert.
Rupert is severely wounded.
You feel a strong urge to attack something.
You are no longer berserk.
You are exhausted.
You feel yourself slow down. Rupert barely misses you.
Rupert hits you with a +3 great sword of draining.
You partially resist.
You see here a yak corpse.
Rupert hits you with a +3 great sword of draining.
You partially resist.
You feel drained.
Rupert roars madly and goes into a rage!
Rupert goes berserk!
Rupert hits you with a +3 great sword of draining!!
You partially resist.
You feel drained.
Rupert hits you with a +3 great sword of draining.
You partially resist.
You closely miss Rupert.
Rupert is severely wounded.
Rupert hits you with a +3 great sword of draining!!
You partially resist.
You feel drained.
Rupert hits you with a +3 great sword of draining!!
* * * LOW HITPOINT WARNING * * *
You partially resist.
You feel drained.
* * * LOW HITPOINT WARNING * * *
You're too confused to move!
Rupert hits you but does no damage. You partially resist. Rupert misses you.
You barely miss Rupert.
Rupert is severely wounded.
You feel less confused.
Rupert hits you with a +3 great sword of draining!!!
You die...

### #### ###### ###
#####..###P.###.##.###.#
........................
........................
........................
........................
#....P...†...####.....P#
#+#.##@@†..## #.....##
♣......†## #....##
#....#....# #....#
.......#...# ..#
........##.# ........
### ##...... #.♣.###
#...


You could see Rupert (berserk).

Vanquished Creatures
  Gastronok (Lair:1)
  Josephine (D:12)
  A fire dragon (D:12)
  3 hydras
  Erica (D:11)
  4 boulder beetles
  A two-headed ogre (D:11)
  A centaur warrior (D:12)
  A death yak (Lair:4)
  Nergalle (Lair:1)
  3 skeletal warriors (D:12)
  A phantasmal warrior (D:12)
  Pikel (D:7)
  2 deep elf pyromancers (D:12)
  An ugly thing (D:12)
  2 manticores (D:12)
  An oklob plant (Lair:4)
  A cyclops (D:11)
  3 elephants (Lair:3)
  3 black mambas
  2 torpor snails
  7 cane toads
  A kobold demonologist (D:10)
  An efreet (D:12)
  A tengu conjurer (D:12)
  4 komodo dragons
  2 yaktaurs (D:12)
  A meliai (Lair:2)
  2 trolls (D:11)
  The ghost of gdog the Covert, an amateur GnDe (D:3)
  A polar bear (Lair:4)
  Grinder (D:4)
  4 dream sheep
  16 blink frogs
  4 wraiths
  3 wyverns
  Eustachio (D:4)
  42 yaks
  4 basilisks
  8 vampire mosquitoes
  A steam dragon (D:7)
  3 acid dragons
  Edmund (D:5)
  Duvessa (D:7)
  6 water moccasins
  An ice beast (D:5)
  2 orc warriors
  A sky beast (D:7)
  A black bear (D:8)
  3 ogres
  4 centaurs
  A lemure (D:7)
  8 bullfrogs
  3 kobold brigands
  2 gnoll sergeants
  2 scorpions
  3 necrophages (D:4)
  6 wights
  Dowan (D:7)
  3 jellies
  14 killer bees
  2 howler monkeys
  6 electric eels
  4 hounds
  A human zombie (D:4)
  2 orc priests
  Crazy Yiuf (D:4)
  10 orc wizards
  2 sleepcaps
  3 iguanas
  A scorpion zombie (D:4)
  3 mummies
  A howler monkey zombie (D:4)
  Robin (D:4)
  4 adders
  22 gnolls
  2 shadow imps (D:7)
  2 white imps
  An adder zombie (D:4)
  2 worms
  3 dart slugs
  26 orcs
  2 spectral bats (Ossuary)
  6 endoplasms
  2 giant cockroaches
  27 goblins
  32 hobgoblins
  6 jackals (D:1)
  2 quokkas
  4 ball pythons
  3 bats
  5 bat simulacra (Ossuary)
  2 frilled lizards
  12 gnoll zombies (Ossuary)
  A goblin simulacrum (Ossuary)
  4 goblin zombies (Ossuary)
  4 hobgoblin zombies (Ossuary)
  30 kobolds
  4 kobold simulacra (Ossuary)
  6 kobold zombies (Ossuary)
  4 orc zombies (Ossuary)
  A rat (D:1)
  3 rat simulacra (Ossuary)
  4 spectral kobolds (Ossuary)
  2 spectral rats (Ossuary)
471 creatures vanquished.

Vanquished Creatures (collateral kills)
  4 slime creatures (D:12)
4 creatures vanquished.

Grand Total: 475 creatures vanquished

Notes
Turn   | Place    | Note
-------+----------+-------------------------------------------
     0 | D:1      | Wiggles the Minotaur Berserker began the quest for the Orb.
     0 | D:1      | Reached XP level 1. HP: 19/19 MP: 0/0
   113 | D:1      | Reached skill level 4 in Axes
   113 | D:1      | Reached XP level 2. HP: 27/27 MP: 1/1
   388 | D:1      | Reached ** piety under Trog
   726 | D:2      | Reached XP level 3. HP: 33/33 MP: 2/2
   920 | D:2      | Found a faded altar of an unknown god.
  1494 | D:3      | Reached XP level 4. HP: 41/41 MP: 3/3
  1559 | D:3      | Found a hide-covered altar of Uskayaw.
  1792 | D:3      | Found a runed translucent door.
  2018 | D:3      | Noticed gdog's ghost (amateur GnDe)
  2031 | D:3      | Killed gdog's ghost
  2032 | D:3      | Reached skill level 5 in Axes
  2032 | D:3      | Reached XP level 5. HP: 47/47 MP: 4/4
  2032 | D:3      | Reached XP level 6. HP: 55/55 MP: 5/5
  2076 | D:4      | Found Negefutio's Book Shoppe.
  2123 | D:4      | Reached skill level 5 in Fighting
  2123 | D:4      | Reached skill level 5 in Armour
  2208 | D:4      | Reached skill level 6 in Axes
  2230 | D:4      | Reached skill level 1 in Stealth
  2230 | D:4      | Reached XP level 7. HP: 46/60 MP: 6/6
  2246 | D:4      | Found an ancient bone altar of Kikubaaqudgha.
  2371 | D:4      | Noticed Robin
  2375 | D:4      | Killed Robin
  2525 | D:4      | Noticed Eustachio
  2526 | D:4      | Found a burning altar of Makhleb.
  2534 | D:4      | Killed Eustachio
  2535 | D:4      | Reached skill level 7 in Axes
  2544 | D:4      | Found a glowing silver altar of Zin.
  2545 | D:4      | Found a snail-covered altar of Cheibriados.
  2545 | D:4      | Found a blossoming altar of Fedhas.
  2565 | D:4      | Found a staircase to the Ecumenical Temple.
  2776 | D:4      | Noticed Grinder
  2797 | D:4      | Paralysed by Grinder for 2 turns
  2802 | D:4      | Reached XP level 8. HP: 57/70 MP: 7/7
  2809 | D:4      | Killed Grinder
  2810 | D:4      | Reached skill level 8 in Axes
  2952 | D:4      | Found a runed translucent door.
  2953 | D:4      | Noticed Crazy Yiuf
  2963 | D:4      | Killed Crazy Yiuf
  3197 | D:5      | Entered Level 5 of the Dungeon
  3409 | D:5      | Reached *** piety under Trog
  3456 | D:5      | Noticed Edmund
  3469 | D:5      | Reached skill level 9 in Axes
  3471 | D:5      | Killed Edmund
  4190 | D:6      | Reached skill level 10 in Axes
  4190 | D:6      | Reached XP level 9. HP: 9/77 MP: 8/8
  4850 | D:6      | Reached **** piety under Trog
  5575 | D:6      | Reached skill level 11 in Axes
  5759 | D:7      | Found a sand-covered staircase.
  5794 | Ossuary  | Entered an ossuary
  5850 | Ossuary  | Reached ***** piety under Trog
  6215 | D:7      | Reached skill level 1 in Evocations
  6330 | D:7      | Found a shadowy altar of Dithmenos.
  6468 | D:7      | Noticed Pikel
  6491 | D:7      | Killed Pikel
  6492 | D:7      | Reached skill level 12 in Axes
  6497 | D:7      | Reached XP level 10. HP: 73/88 MP: 9/9
  6610 | D:7      | Found a white marble altar of Elyvilon.
  6629 | D:7      | Noticed Dowan
  6629 | D:7      | Noticed Duvessa
  6644 | D:7      | Killed Dowan
  6647 | D:7      | Killed Duvessa
  7094 | D:8      | Found Liomyude's Luxury Loot.
  7944 | D:9      | Identified the +7 broad axe of Dajyng {heavy, rN+} (Trog
                  | gifted it to you on level 9 of the Dungeon)
  7944 | D:9      | Received a gift from Trog
  7963 | D:9      | Reached skill level 13 in Axes
  8200 | D:9      | Found a staircase to the Orcish Mines.
  8883 | D:10     | Entered Level 10 of the Dungeon
  9088 | D:10     | Found a broken altar of Ashenzari.
  9220 | D:10     | Found a shimmering blue altar of Sif Muna.
  9489 | D:11     | Reached skill level 10 in Armour
  9571 | D:11     | Noticed a two-headed ogre
  9578 | D:11     | Killed a two-headed ogre
  9579 | D:11     | Reached skill level 14 in Axes
  9579 | D:11     | Reached skill level 5 in Shields
  9606 | D:11     | Noticed a cyclops
  9610 | D:11     | Noticed Erica
  9622 | D:11     | Killed a cyclops
  9623 | D:11     | Reached XP level 11. HP: 66/97 MP: 10/10
  9625 | D:11     | Killed Erica
  9720 | D:11     | Found a portal to a secret trove of treasure.
  9733 | D:11     | Found a transporter.
  9736 | D:11     | Noticed a boulder beetle
  9758 | D:11     | Noticed a death knight
  9758 | D:11     | Noticed a deep elf pyromancer
  9758 | D:11     | Noticed mrw3rdna's ghost (journeyman MiFi)
  9758 | D:11     | Identified the amulet of Doth {RegenMP rF+ MP+9}
  9797 | D:11     | Found a staircase to the Lair.
 10012 | D:11     | Found a transporter.
 10437 | D:12     | Noticed a skeletal warrior
 10438 | D:12     | Noticed a skeletal warrior
 10448 | D:12     | Killed a skeletal warrior
 10450 | D:12     | Killed a skeletal warrior
 10450 | D:12     | Noticed a skeletal warrior
 10460 | D:12     | Killed a skeletal warrior
 10461 | D:12     | Reached skill level 15 in Axes
 10611 | D:12     | Reached skill level 10 in Fighting
 10774 | D:12     | Noticed a phantasmal warrior
 10780 | D:12     | Killed a phantasmal warrior
 10781 | D:12     | Noticed a deep elf pyromancer
 10794 | D:12     | Killed a deep elf pyromancer
 10796 | D:12     | Noticed a centaur warrior
 10799 | D:12     | Killed a centaur warrior
 10806 | D:12     | Noticed a boulder beetle
 10815 | D:12     | Killed a boulder beetle
 10816 | D:12     | Reached XP level 12. HP: 98/107 MP: 11/11
 10826 | D:12     | Noticed a boulder beetle
 10839 | D:12     | Killed a boulder beetle
 10904 | D:12     | Noticed a fire dragon
 10913 | D:12     | Reached skill level 16 in Axes
 10914 | D:12     | Killed a fire dragon
 10997 | D:12     | Noticed Josephine
 10999 | D:12     | Received a gift from Trog
 11008 | D:12     | Killed Josephine
 11322 | D:12     | Found Ygeppes's Magic Scroll Shoppe.
 11325 | D:12     | Bought a scroll of acquirement for 520 gold pieces
 11326 | D:12     | Acquired the +2 hood of the Assassin {Detect Stab+ Stlth++}
 11326 | D:12     | Found the +2 hood of the Assassin {Detect Stab+ Stlth++}
 11688 | Lair:1   | Entered Level 1 of the Lair of Beasts
 11704 | Lair:1   | Noticed a seven-headed hydra
 11717 | Lair:1   | Killed a ten-headed hydra
 11842 | Lair:1   | Reached skill level 17 in Axes
 12040 | Lair:1   | Noticed Nergalle
 12050 | Lair:1   | Killed Nergalle
 12065 | Lair:1   | Noticed Gastronok
 12076 | Lair:1   | Killed Gastronok
 12413 | Lair:1   | Reached XP level 13. HP: 77/118 MP: 12/12
 12495 | Lair:1   | Reached skill level 5 in Dodging
 12673 | Lair:2   | You fall into a shaft and drop 1 floor!
 12691 | Lair:3   | Reached skill level 18 in Axes
 12692 | Lair:3   | Identified the +6 battleaxe of Inference {antimagic, Drain
                  | rPois rN++ SInv} (Trog gifted it to you on level 3 of the
                  | Lair of Beasts)
 12692 | Lair:3   | Received a gift from Trog
 12783 | Lair:3   | Found a staircase to the Swamp.
 13111 | Lair:2   | Found a hole to the Spider Nest.
 14346 | Lair:4   | Noticed Rupert
 14373 | Lair:4   | Demolished by Rupert

Illustrated notes

Levels and vault maps discovered:
D:1:      eino_arrival_water_star, layout_loops_ring
D:2:      layout_rooms, shapermc_ecumenical_altar_totnotflames
D:3:      layout_basic, mainiacjoe_overflow_alcove_2,
          ebering_ghost_reflecting_pool
D:4:      layout_basic, minitemple, lemuel_mausoleum_altar_kikubaaqudgha,
          minmay_temple_entry_water_ring, serial_shops,
          nicolae_shop_behind_doors, chequers_avenue, minmay_checkerbox,
          uniq_robin, uniq_grinder, uniq_crazy_yiuf_cottage, uniq_eustachio
D:5:      layout_gridville, uniq_edmund
D:6:      minmay_goblin_kobold_castle, layout_rooms, serial_rivers,
          chequers_serial_rivers_marsh, chequers_serial_rivers_micro_b,
          chequers_serial_rivers_room_b, chequers_serial_rivers_large_b
D:7:      layout_rooms, mainiacjoe_overflow_concentric_impassable,
          elyvilon_altar_3, nicolae_ossuary_entry_monument, uniq_pikel,
          uniq_duvessa
D:8:      layout_basic, nicolae_alphabet_shops
D:9:      layout_basic, orc_0_dummy
D:10:     layout_irregular_city, evilmike_ruin_ashenzari, led_sif_pool
D:11:     layout_loops_corners, lair_entry_dummy, nzn_ghost_randoct,
          enter_trove_0, uniq_erica
D:12:     minmay_bad_star, layout_loops_corners, serial_shops,
          nicolae_shop_rolled_up, uniq_josephine
Lair:1:   layout_chaotic_city, uniq_gastronok, uniq_nergalle
Lair:2:   layout_cave_shapes, hellmonk_spider_entry_not_the_bees
Lair:3:   layout_gridlike, swamp_mist, serial_bayou_lake_a, lemuel_fruit_fields,
          grunt_megastairs_2
Lair:4:   layout_long_grid, ebering_ghost_xom, hangedman_lair_generics_rect,
          grunt_megastairs_5, uniq_rupert

Skill      XL: |  1  2  3  4  5  6  7  8  9 10 11 12 13 |
---------------+----------------------------------------+-----
Axes           | 4 5 6 7 10 12 14 15 17 18 | 18.8
Fighting       | 4 5 7 9 10 12 13 | 13.2
Armour         | 4 5 6 7 8 10 12 13 14 | 14.6
Dodging        | 3 4 5 |  5.4
Stealth        | 1 |  1.6
Shields        | 2 3 5 7 8 |  8.5
Evocations     | 1 |  1.0

Action                     |  1- 3 |  4- 6 |  7- 9 | 10-12 | 13-15 || total
---------------------------+-------+-------+-------+-------+-------++-------
  Melee: Hand axe          |    87 |     5 |       |       |       ||    92
         Headbutt          |    14 |     7 |    61 |    49 |    46 ||   177
         War axe           |       |    39 |   370 |    77 |       ||   486
         Broad axe         |       |       |       |   212 |    61 ||   273
         Battleaxe         |       |       |       |       |   130 ||   130
 Invoke: Berserk           |       |     2 |     8 |     7 |     1 ||    18
         Brothers in Arms  |       |       |       |     1 |       ||     1
  Evoke: Wand              |       |       |     9 |       |       ||     9
    Use: Scroll            |       |       |       |    28 |     5 ||    33
 Armour: Animal skin       |     3 |       |       |       |       ||     3
         Scale mail        |    10 |       |       |       |       ||    10
         Leather armour    |     1 |       |       |       |       ||     1
         Chain mail        |    11 |    16 |   139 |    68 |       ||   234
         Plate armour      |       |       |       |   116 |   140 ||   256
  Dodge: Dodged            |    45 |    15 |   211 |   167 |   122 ||   560
  Block: Buckler           |     7 |     3 |    73 |    83 |       ||   166
         Kite shield       |       |       |       |    36 |    55 ||    91
